 Dungeon Crawl Stone Soup version 0.32-a0-576-g706899e69d (webtiles) character file.

Game seed: 7175925291548990001

119 BeKind the Caller (level 5, -1/33 HPs)
             Began as an Octopode Summoner on Mar 1, 2024.
             Slain by a gnoll
             ... wielding a +0 spear
              (7 damage)
             ... on level 2 of the Dungeon.
             The game lasted 00:02:08 (1501 turns).

BeKind the Caller (Octopode Summoner)               Turns: 1501, Time: 00:02:09

Health: -1/33      AC:  1    Str:  8    XL:     5   Next: 3%
Magic:  9/9        EV: 13    Int: 19    God:
Gold:   92         SH:  0    Dex: 12    Spells: 9/10 levels left

rFire   . . .        d - +0 dagger
rCold   . . .        (no shield)
rNeg    . . .        (helmet restricted)
rPois   .            (no amulet)
rElec   .            (no ring)
rCorr   .            (no ring)
SInv    .            (no ring)
Will    .....        (no ring)
Stlth   +++          (no ring)
HPRegen 0.25/turn    (no ring)
MPRegen 0.11/turn    (no ring)
                     (no ring)

%: no passive effects
@: about to teleport
A: almost no armour, amphibious, 8 rings, camouflage 1, gelatinous body 1,
(nimble swimmer 1), tentacles
a: no special abilities


You were on level 2 of the Dungeon.
You visited 1 branch of the dungeon, and saw 2 of its levels.

You collected 92 gold pieces.

Inventory:

Hand Weapons
 d - a +0 dagger (weapon)
Scrolls
 c - a scroll of revelation {unknown}
 f - a scroll of enchant armour {unknown}
 h - a scroll of blinking {unknown}
 j - a scroll of identify {unknown}
Potions
 a - a potion of magic
 b - 2 potions of curing {unknown}
 e - 3 potions of invisibility {unknown}
 i - a potion of mutation {unknown}


   Skills:
 + Level 1.0 Fighting
 + Level 3.1 Dodging
 - Level 3.0 Stealth
 + Level 3.0 Spellcasting
 + Level 4.6 Summonings


You had 9 spell levels left.
You knew the following spells:

 Your Spells              Type           Power      Damage    Failure   Level
a - Summon Small Mammal   Summ           80%        N/A       2%          1

Your spell library contained the following spells:

 Spells                   Type           Power      Damage    Failure   Level
 Call Imp                 Summ           40%        N/A       3%          2
 Call Canine Familiar     Summ           20%        N/A       7%          3
 Summon Blazeheart Golem  Fire/Summ      11%        N/A       50%         4
 Summon Lightning Spire   Summ/Air       11%        N/A       50%         4


Dungeon Overview and Level Annotations

Branches:
Dungeon (2/15)

Altars:


Innate Abilities, Weirdness & Mutations

You cannot wear most types of armour.
You are amphibious.
You can wear up to eight rings at the same time.
Your skin changes colour to match your surroundings (Stealth+).
Your rubbery body absorbs attacks. (AC +1, EV +1)
((You are camouflaged when in or above water. (Stealth+)))
You have tentacles for arms and can constrict up to eight enemies at once.


Message History

The bat hits you. The gnoll attacks as it pursues you! The gnoll misses you.
The bat misses you.
You hit the bat but do no damage. Your grab misses the bat.
The bat is heavily wounded.
The bat closely misses you. The gnoll misses you. The bat barely misses you.
You closely miss the bat. You grab the bat.
The bat is heavily wounded.
You constrict the bat.
You kill the bat!
The gnoll hits you from afar with a +0 spear!
Your Fighting skill increases to level 1!
You have reached level 5!
You feel stronger.
You closely miss the goblin. You grab the goblin. You constrict the goblin.
You kill the goblin!
A ball python comes into view.
The gnoll barely misses you.
Found a twisted smoking staff.
The gnoll attacks as it pursues you!
The gnoll hits you from afar with a +0 spear.
Things that are here:
57 gold pieces; a +0 falchion; a bat corpse The ball python hisses angrily.
The ball python bites you. The ball python barely misses you.
You hit the ball python but do no damage.
You grab the ball python.
You squeeze the ball python, but do no damage.
You constrict the ball python. The gnoll misses you.
You hit the ball python.
You kill the ball python!
The gnoll hits you from afar with a +0 spear.
The gnoll attacks as it pursues you!
The gnoll hits you from afar with a +0 spear.
The gnoll attacks as it pursues you! The gnoll completely misses you.
The gnoll attacks as it pursues you!
The gnoll hits you from afar with a +0 spear!
* * * LOW HITPOINT WARNING * * *
As you read the scroll labelled ELAOJI KAAGIMYLA, it crumbles to dust.
You feel strangely unstable.
It was a scroll of teleportation.
The gnoll hits you from afar with a +0 spear!
You die...

######## .#.....#
.#.###.# # .......#
#.## .#.#####.# .#.
.#.#...#.# ..
.#.#.#.#.# #.#####
.#.#.#.#.#.####..|..#
.#.#.#.#.#......@#
.#.....#.#######.#
.###.###.# #...#g#
.#.......###.#.#g#
.#.#...........#.#
.#.#########...#.#
##.# #)..#$# #.#
#...#.# #.# #...#.#
###.#


You could see 2 gnolls.

Vanquished Creatures
  Natasha (twice) (D:2)
  An adder (D:2)
  A dart slug (D:1)
  3 ball pythons (D:2)
  4 bats
  3 endoplasms
  2 giant cockroaches (D:1)
  4 goblins
  6 hobgoblins
  2 kobolds
  3 quokkas (D:1)
  A frilled lizard (D:1)
  3 rats (D:1)
35 creatures vanquished.

Vanquished Creatures (collateral kills)
  An adder (D:2)
  A dart slug (D:1)
  2 endoplasms
  A quokka (D:2)
  A ball python (D:1)
  A frilled lizard (D:1)
7 creatures vanquished.

Grand Total: 42 creatures vanquished

Notes
Turn   | Place    | Note
-------+----------+-------------------------------------------
     0 | D:1      | BeKind the Octopode Summoner began the quest for the Orb.
     0 | D:1      | Reached XP level 1. HP: 11/11 MP: 3/3
   111 | D:1      | Reached XP level 2. HP: 5/17 MP: 0/5
   526 | D:1      | Reached XP level 3. HP: 14/21 MP: 4/6
   854 | D:2      | Noticed Natasha
   859 | D:2      | Killed Natasha
   860 | D:2      | Reached XP level 4. HP: 25/27 MP: 5/8
  1057 | D:2      | Noticed Natasha
  1064 | D:2      | Killed Natasha
  1491 | D:2      | Reached skill level 1 in Fighting
  1491 | D:2      | Reached XP level 5. HP: 21/33 MP: 9/9
  1501 | D:2      | Slain by a gnoll

Illustrated notes

Levels and vault maps discovered:
D:1:      dpeg_arrival_leaves_temple_mockup, layout_loops_ring
D:2:      layout_basic, uniq_natasha

Skill      XL: |  1  2  3  4 |
---------------+-------------+-----
Stealth        | 3 |  3.0
Dodging        | 3 |  3.1
Spellcasting   | 3 |  3.0
Fighting       | 1 |  1.0
Summonings     | |  4.6

Action                     |  1- 3 |  4- 6 || total
---------------------------+-------+-------++-------
  Melee: Unarmed           |    26 |       ||    26
         Constrict         |    13 |    10 ||    23
         Tentacles         |    12 |     8 ||    20
         Punch             |     1 |       ||     1
         Dagger            |    13 |    34 ||    47
   Cast: Summon Small Mamm |    16 |    12 ||    28
    Use: Scroll            |       |     1 ||     1
   Stab: Sleeping          |     5 |     2 ||     7
 Armour: Skin              |    14 |    24 ||    38
  Dodge: Dodged            |    20 |    26 ||    46

Table legend: (Time is in decaauts)
 A = Elapsed time spent in this place.
 B = Non-inter-level travel time spent in this place.
 C = Inter-level travel time spent in this place.
 D = Time resting spent in this place.
 E = Time spent auto-exploring this place.
 F = Levels seen in this place.
 G = Mean time per level.
                   A        B        C        D        E       F      G
               +--------+--------+--------+--------+--------+-----+--------+
         Total |   1500 |   1460 |     40 |      0 |   1198 |   2 |  750.0 |
       Dungeon |   1500 |   1460 |     40 |      0 |   1198 |   2 |  750.0 |
               +--------+--------+--------+--------+--------+-----+--------+

Top non-repeatable levels by time:
     D:1: 853 daAuts
     D:2: 646 daAuts
